 Dungeon Crawl Stone Soup version 0.16-a0-3712-g87ae24a (console) character file.

455 MrRokkomies the Insei (level 7, -1/43 HPs)
             Began as an Octopode Transmuter on Jan 20, 2015.
             Slain by an orc wizard
             ... wielding a +0 dagger
              (4 damage)
             ... on level 5 of the Dungeon.
             The game lasted 00:31:52 (5170 turns).

MrRokkomies the Insei (Octopode Transmuter)         Turns: 5170, Time: 00:31:52

Health: -1/43      AC:  1    Str:  9    XL:     7   Next: 5%
Magic:  12/12      EV: 15    Int: 18    God:
Gold:   200        SH:  0    Dex: 12    Spells: 3 memorised, 1 level left

rFire  . . .     SeeInvis .       - Unarmed
rCold  . . .     Clarity  .     (no shield)
rNeg   . . .     SustAb   .     (helmet restricted)
rPois  .         Gourm    .     n - amulet of resist mutation
rElec  .         Spirit   .     j - +3 ring of evasion
rCorr  .         Warding  .     o - ring of stealth
rMut   +         Stasis   .     (no ring)
MR     .....                    (no ring)
Stlth  +++++.....               (no ring)
                                (no ring)
                                (no ring)
                                (no ring)

@: appendage, not resistant to hostile enchantments, quite stealthy
A: almost no armour, amphibious, 8 rings, constrict 8, tentacle spike 3,
camouflage 1, gelatinous body 1
a: End Transformation


You were on level 5 of the Dungeon.
You were near starving.
One of your tentacles had a temporary spike.
You visited 1 branch of the dungeon, and saw 5 of its levels.

You collected 200 gold pieces.

Inventory:

Missiles
 b - 12 arrows
 c - 3 stones (quivered)
 i - 15 poisoned needles
Jewellery
 j - a +3 ring of evasion (left tentacle)
 n - an amulet of resist mutation (around mantle)
 o - a ring of stealth (right tentacle)
 s - an uncursed amulet of stasis
Magical devices
 q - a wand of lightning (5)
Scrolls
 l - 2 scrolls of identify
 m - a scroll of remove curse
Potions
 g - 2 potions of cure mutation
 u - 2 potions of might
Books
 d - a book of Changes

   Spells                             Type                      Level
   a - Beastly Appendage              Transmutation                1
   b - Sticks to Snakes               Transmutation                2
   c - Spider Form                    Transmutation/Poison         3
   d - Ice Form                       Ice/Transmutation            4
   e - Blade Hands                    Transmutation                5
 r - a Grand Grimoire {highlevel, unknown}

   This book is beyond your current level of understanding.

   Spells                             Type                      Level
   a - Aura of Abjuration             Summoning                    6
   b - Forceful Dismissal             Summoning                    6
   c - Summon Greater Demon           Summoning                    7
   d - Malign Gateway                 Summoning/Translocation      7
   e - Summon Horrible Things         Summoning                    8
Comestibles
 a - 2 bread rations
 f - a royal jelly
 h - 2 beef jerkies
 p - a meat ration
 v - a slice of pizza


   Skills:
 - Level 1.0 Fighting
 - Level 2.0 Dodging
 + Level 4.1 Stealth
 * Level 5.3 Unarmed Combat
 - Level 2.0 Spellcasting
 * Level 5.0 Transmutations


You had one spell level left.
You knew the following spells:

 Your Spells              Type           Power        Failure   Level  Hunger
a - Beastly Appendage     Trmt           ###...       1%          1    #......
b - Spider Form           Trmt/Pois      ##........   21%         3    ###....
c - Blade Hands           Trmt           ###.......   67%         5    ######.


Dungeon Overview and Level Annotations

Branches:
Dungeon (5/15)
 Temple: D:4-7

Altars:
Ashenzari
Fedhas
Gozag
Makhleb
Ru
Trog
Xom


Innate Abilities, Weirdness & Mutations

You cannot wear most types of armour.
You are amphibious.
You can wear up to eight rings at the same time.
You can use your tentacles to constrict many enemies at once.
Your skin changes colour to match your surroundings (Stealth).
Your rubbery body absorbs attacks (AC +1).
One of your tentacles bears a large vicious spike.


Message History

Something hits you.
* * * LOW HITPOINT WARNING * * *
You closely miss something.
You pierce something.
Something barely misses you.
Drink which item? (? for menu, Esc to quit)
You feel better. Something hits you but does no damage.
You tentacle-slap something.
Your tentacle-slap misses something.
You closely miss something.
Your tentacle spike misses something.
Something hits you.
* * * LOW HITPOINT WARNING * * *
You closely miss something.
Your tentacle spike misses something.
Something hits you.
* * * LOW HITPOINT WARNING * * *
Drink which item? (? for menu, Esc to quit)
You feel better. Something hits you.
* * * LOW HITPOINT WARNING * * *
You miss something. Something hits you.
* * * LOW HITPOINT WARNING * * *
You barely miss something.
Your tentacle spike misses something.
Something hits you.
You die...

.# ...# .....#
......# .......
........## .
.........## #(.
....[.....## #....
..........@###...#
.........#{.).#
......##...####
...##....###
##...#### .###


There were no monsters in sight!

Vanquished Creatures
  2 orc priests (D:4)
  Crazy Yiuf (D:4)
  A worker ant (D:4)
  5 orc wizards
  5 adders
  A giant mite (D:1)
  4 gnolls (D:3)
  3 worms
  An adder skeleton (D:2)
  2 oozes (D:3)
  12 orcs
  2 ball pythons (D:1)
  2 bat zombies (D:2)
  9 hobgoblins
  12 bats
  5 giant cockroaches
  3 giant geckos
  6 giant newts
  4 goblins
  A jackal zombie (D:2)
  10 kobolds
  3 quokkas
  A quokka skeleton (D:2)
  13 rats
108 creatures vanquished.

Notes
Turn   | Place    | Note
--------------------------------------------------------------
     0 | D:1      | MrRokkomies, the Octopode Transmuter, began the quest for the Orb.
     0 | D:1      | Reached XP level 1. HP: 13/13 MP: 3/3
   135 | D:1      | Reached skill level 1 in Stealth
   135 | D:1      | Reached XP level 2. HP: 15/18 MP: 2/4
  1072 | D:1      | Reached XP level 3. HP: 21/23 MP: 6/6
  1720 | D:2      | Reached XP level 4. HP: 15/28 MP: 7/7
  1915 | D:2      | Learned a level 3 spell: Spider Form
  1981 | D:2      | Found a bloodstained altar of Trog.
  2364 | D:2      | Found a burning altar of Makhleb.
  2364 | D:2      | Noticed a blizzard demon
  2367 | D:2      | Noticed an orange demon
  2367 | D:2      | Noticed a smoke demon
  2493 | D:3      | Reached skill level 4 in Unarmed Combat
  2500 | D:3      | Reached XP level 5. HP: 9/33 MP: 1/9
  2968 | D:3      | Found a blossoming altar of Fedhas.
  2969 | D:3      | Found a shattered altar of Ashenzari.
  2971 | D:3      | Found an opulent altar of Gozag.
  2972 | D:3      | Found a shimmering altar of Xom.
  3319 | D:3      | Reached XP level 6. HP: 18/38 MP: 7/10
  3624 | D:4      | Found a burning altar of Makhleb.
  3793 | D:4      | Reached skill level 5 in Unarmed Combat
  4429 | D:4      | Noticed Crazy Yiuf
  4442 | D:4      | Killed Crazy Yiuf
  4752 | D:4      | Found a sacrificial altar of Ru.
  4783 | D:4      | Learned a level 5 spell: Blade Hands
  4829 | D:5      | Entered Level 5 of the Dungeon
  5144 | D:5      | Reached skill level 5 in Transmutations
  5144 | D:5      | Reached XP level 7. HP: 29/43 MP: 10/12
  5169 | D:5      | HP: 2/43 [something (5)]
  5170 | D:5      | Slain by an orc wizard

Action                   |  1- 3 |  4- 6 |  7- 9 || total
-------------------------+-------+-------+-------++-------
Melee: Unarmed           |    81 |   204 |    16 ||   301
Throw: Stone             |     1 |    26 |       ||    27
 Cast: Beastly Appendage |     3 |    10 |     1 ||    14
       Spider Form       |       |     7 |       ||     7
Evoke: Wand              |       |     1 |       ||     1
  Use: Scroll            |     3 |     9 |       ||    12
       Potion            |       |     4 |     2 ||     6
 Stab: Sleeping          |     6 |    12 |       ||    18
  Eat: Chunk             |     2 |    11 |       ||    13
